 Dungeon Crawl Stone Soup version 0.31-a0-237-g2d982f9f85 (webtiles) character file.

Game seed: 10142749649990343259

95 qw the Shooter (level 4, 0/36 HPs)
             Began as a Minotaur Hexslinger on July 10, 2023.
             Slain by an orc
             ... wielding a +0 hand axe
              (5 damage)
             ... on level 2 of the Dungeon.
             The game lasted 00:00:45 (1833 turns).

qw the Shooter (Minotaur Hexslinger)                Turns: 1833, Time: 00:00:46

Health: 0/36       AC:  2    Str: 12    XL:     4   Next: 40%
Magic:  4/4        EV: 12    Int: 10    God:
Gold:   59         SH:  0    Dex: 15    Spells: 4/5 levels left

rFire   . . .        Y - +1 sling
rCold   . . .        (no shield)
rNeg    . . .        c - +0 robe
rPois   .            (helmet restricted)
rElec   .            (no cloak)
rCorr   .            (no gloves)
SInv    .            (no boots)
Will    .....        (no amulet)
Stlth   +            (no ring)
HPRegen 0.26/turn    (no ring)
MPRegen 0.09/turn

%: no passive effects
@: about to teleport
A: horns 2, retaliatory headbutt
a: no special abilities


You were on level 2 of the Dungeon.
You visited 1 branch of the dungeon, and saw 2 of its levels.

You collected 59 gold pieces.


Innate Abilities, Weirdness & Mutations

You have a pair of horns on your head.
You reflexively headbutt those who attack you in melee.


   Skills:
 + Level 2.0 Fighting
 - Level 5.0 Ranged Weapons
 - Level 2.1 Dodging
 - Level 1.0 Spellcasting
 - Level 2.0 Hexes


You had 4 spell levels left.
You knew the following spells:

 Your Spells              Type           Power      Damage    Failure   Level
a - Slow                  Hex            16%        N/A       16%         1

Your spell library contained the following spells:

 Spells                   Type           Power      Damage    Failure   Level
 Inner Flame              Hex/Fire       2%         N/A       56%         3
 Portal Projectile        Hex/Tloc       4%         N/A       56%         3
 Cause Fear               Hex            2%         N/A       83%         4

Inventory:

Hand Weapons
 Y - a +1 sling (weapon)
Armour
 c - a +0 robe (worn)
Jewellery
 a - a ring of flight
Scrolls
 e - 3 scrolls of teleportation
Potions
 g - a potion of haste {unknown}
 h - a potion of attraction {unknown}

Dungeon Overview and Level Annotations

Branches:
Dungeon (2/15)

Altars:


Message History

1814 ||| STILL FLEEEEING.
1815 ||| STILL FLEEEEING.
1816 ||| FLEEEEING.
The orc wizard points at you and mumbles some strange words.
You are confused.
The orc wizard mumbles some strange words.
The orc wizard flickers and vanishes!
Deactivating autopickup; reactivate with Ctrl-A.
The orc wizard points at you and mumbles some strange words.
The puff of flame hits you.
You are more confused.
A puff of flame appears from out of thin air!
The puff of flame misses you.
An orc comes into view. It is wielding a +0 hand axe.
The orc shouts!
A magic dart appears from out of thin air!
The magic dart hits you.
The orc throws a boomerang.
The boomerang hits you.
The orc throws a boomerang.
You feel less confused.
The orc wizard hits you with a +0 dagger.
You shoot a sling bullet.
The sling bullet barely misses the orc wizard.
Something hits you. The orc wizard closely misses you. You furiously retaliate!
You headbutt the orc wizard! Something hits you.
The orc wizard drinks a potion.
The orc wizard is healed!
You shoot a sling bullet. The sling bullet hits the orc wizard.
The orc wizard is moderately wounded.
Something hits you. The orc barely misses you.
The orc wizard casts a spell at you. You resist with some effort.
1832 ||| READING 4 scrolls of teleportation.
As you read the scroll of teleportation, it crumbles to dust.
You feel strangely unstable. Something hits you but does no damage.
The orc barely misses you. You furiously retaliate!
You headbutt the orc, but do no damage. The orc wizard barely misses you.
You shoot a sling bullet.
The sling bullet barely misses the orc wizard.
Something hits you. The orc hits you with a +0 hand axe.
You die...

#.......(.....#
#.............#####
#..................
#.............#####
#########..##.#####
#>.....oo.. #.###.#####
###########.# #.# #
#######...@o......###.#####
..........{o...............
.######.#############.#####
#.##...# #.# #.
#.######.##.#.# #.####.
#.........#.#.########......
########..#.#.#.............
######..#.#.#.###########.
#...........:........# #.


You could see an orc wizard and an orc.

Vanquished Creatures
  4 adders (D:2)
  2 dart slugs
  2 ball pythons (D:2)
  6 endoplasms
  A giant cockroach (D:1)
  A goblin (D:1)
  10 hobgoblins
  4 jackals (D:1)
  2 quokkas (D:1)
  6 bats
  4 frilled lizards
  4 kobolds (D:1)
  5 rats
51 creatures vanquished.

Notes
Turn   | Place    | Note
-------+----------+-------------------------------------------
     0 | D:1      | qw the Minotaur Hexslinger began the quest for the Orb.
     0 | D:1      | Reached XP level 1. HP: 16/16 MP: 1/1
     0 | D:1      | 0 ||| qw: Version: 0.3-a-52-g30416fa
     0 | D:1      | 0 ||| qw: Game counter: 4979
     0 | D:1      | 0 ||| qw: Melee chars always use a shield: true
     0 | D:1      | 0 ||| qw: God list: Okawaru
     0 | D:1      | 0 ||| qw: Allow faded altars: false
     0 | D:1      | 0 ||| qw: Do Orc after clearing Dungeon:15 true
     0 | D:1      | 0 ||| qw: Do second Lair branch before Depths: true
     0 | D:1      | 0 ||| qw: Lair rune preference: random
     0 | D:1      | 0 ||| qw: Goals: Normal
     0 | D:1      | 0 ||| PLANNING D:1-11
   136 | D:1      | Found a faded altar of an unknown god.
   196 | D:1      | Reached skill level 3 in Ranged Weapons
   196 | D:1      | Reached XP level 2. HP: 22/23 MP: 2/2
   523 | D:1      | Reached XP level 3. HP: 25/29 MP: 3/3
   524 | D:1      | 524 ||| FLEEEEING.
   525 | D:1      | 525 ||| FLEEEEING.
   633 | D:1      | 633 ||| FLEEEEING.
   899 | D:1      | 899 ||| READING scroll labelled USUNEGEBORI.
   900 | D:1      | 900 ||| READING 5 scrolls labelled CAHOZE BEYV.
   903 | D:1      | 903 ||| READING 2 scrolls labelled APLI REDDOGROZ.
   904 | D:1      | 904 ||| DROPPING scroll of poison.
   905 | D:1      | 905 ||| DROPPING scroll of noise.
   973 | D:2      | Reached skill level 4 in Ranged Weapons
  1231 | D:2      | Reached XP level 4. HP: 36/36 MP: 4/4
  1790 | D:2      | Reached skill level 5 in Ranged Weapons
  1793 | D:2      | 1793 ||| FLEEEEING.
  1798 | D:2      | 1798 ||| FLEEEEING.
  1799 | D:2      | 1799 ||| FLEEEEING.
  1800 | D:2      | 1800 ||| FLEEEEING.
  1801 | D:2      | 1801 ||| FLEEEEING.
  1802 | D:2      | 1802 ||| FLEEEEING.
  1803 | D:2      | 1803 ||| FLEEEEING.
  1804 | D:2      | 1804 ||| FLEEEEING.
  1805 | D:2      | 1805 ||| FLEEEEING.
  1806 | D:2      | 1806 ||| FLEEEEING.
  1809 | D:2      | 1809 ||| Stepping ~*~*~tactically~*~*~ (outnumbered).
  1816 | D:2      | 1816 ||| FLEEEEING.
  1831 | D:2      | HP: 8/36 [something (2)]
  1832 | D:2      | 1832 ||| READING 4 scrolls of teleportation.
  1833 | D:2      | Slain by an orc

Levels and vault maps discovered:
D:1:      tekkud_arrival_beachfront_property, layout_basic,
          shapermc_ecumenical_altar_mp_highgroup, minmay_misc_feat_roman
D:2:      layout_basic

Skill      XL: |  1  2  3  4 |
---------------+-------------+-----
Ranged Weapons | 3 4 5 |  5.0
Fighting       | 2 |  2.0
Dodging        | |  2.1
Spellcasting   | |  1.0
Hexes          | |  2.0

Action                     |  1- 3 |  4- 6 || total
---------------------------+-------+-------++-------
   Fire: Sling             |   112 |    41 ||   153
    Use: Scroll            |     3 |     1 ||     4
 Armour: Robe              |     6 |     1 ||     7
  Dodge: Dodged            |    23 |    14 ||    37

Table legend:
 A = Non-vault XP
 B = Vault XP
 C = Vault XP percentage of total XP
 D = Non-vault monster count
 E = Vault monster count
 F = Vault count percentage of total count
                 A         B        C        D         E       F
            +---------+---------+-------+---------+---------+-------
      Total |     137 |       0 |   0.0 |      51 |       0 |   0.0
            +---------+---------+-------+---------+---------+-------
        D:1 |      55 |       0 |   0.0 |      31 |       0 |   0.0
        D:2 |      82 |       0 |   0.0 |      20 |       0 |   0.0
            +---------+---------+-------+---------+---------+-------
